 Dungeon Crawl Stone Soup version 0.17-a0-2055-gb4e23be (webtiles) character file.

217 SlimeFever the Sneak (level 5, -1/31 HPs)
             Began as a Tengu Assassin on Oct 12, 2015.
             Was an Initiate of Gozag.
             Slain by Ijyb (2 damage)
             ... on level 2 of the Dungeon.
             The game lasted 00:13:36 (1862 turns).

SlimeFever the Sneak (Tengu Assassin)               Turns: 1862, Time: 00:13:36

Health: -1/31      AC:  5    Str: 11    XL:     5   Next: 94%
Magic:  6/6        EV: 13    Int: 11    God:    Gozag
Gold:   36         SH:  0    Dex: 17    Spells: 0 memorised, 4 levels left

rFire  . . .     SeeInvis .     a - +2 dagger
rCold  + . .     Clarity  .     j - +0 leather armour
rNeg   . . .     SustAt   .     (no shield)
rPois  .         Gourm    .     (helmet restricted)
rElec  .         Spirit   .     d - +0 cloak
rCorr  .         Warding  .     l - +0 pair of gloves
rMut   .         Stasis   .     (boots unavailable)
MR     .....                    (no amulet)
Stlth  +++.......               (no ring)
                                h - ring of protection from cold

@: lethally poisoned (-1 -> -4), not resistant to hostile enchantments, fairly
stealthy
A: beak, talons 3, able to fly 1
a: Fly, Potion Petition, Call Merchant, Bribe Branch, Renounce Religion


You were on level 2 of the Dungeon.
You worshipped Gozag.
Gozag was noncommittal.
You were not hungry.

You visited 1 branch of the dungeon, and saw 2 of its levels.

You collected 42 gold pieces.
You paid 6 gold pieces to Gozag.

Inventory:

Hand Weapons
 a - a +2 dagger (weapon)
 b - a +0 blowgun
Missiles
 e - 17 poisoned needles
 f - 2 curare-tipped needles
 m - 71 arrows
Armour
 d - a +0 cloak (worn)
 j - a +0 leather armour (worn)
 l - a +0 pair of gloves (worn)
Jewellery
 h - a ring of protection from cold (left hand)
Wands
 g - a wand of magic darts (28)
 o - a wand of digging (11)
Scrolls
 i - a scroll of recharging
 p - a scroll of magic mapping {unknown}
Comestibles
 k - a slice of pizza


   Skills:
 + Level 2.4 Fighting
 * Level 3.0 Short Blades
 + Level 2.0 Throwing
 + Level 1.2 Armour
 + Level 3.0 Dodging
 * Level 5.9 Stealth


You had 4 spell levels left.
You didn't know any spells.

Dungeon Overview and Level Annotations

Branches:
Dungeon (2/15)

Altars:
Elyvilon
Gozag
Okawaru
Zin

Annotations:
D:2 Ijyb


Innate Abilities, Weirdness & Mutations

You have a beak for a mouth.
You have claws for feet.
You can fly.


Message History

It was a potion of cancellation.
Your magical effects are unravelling.
You feel magically purged.
You feel a little less mighty now. Ijyb completely misses you.
You hit Ijyb. You claw Ijyb, but do no damage.
Ijyb is severely wounded.
* * * LOW HITPOINT WARNING * * *
You feel sick. Ijyb hits you but does no damage.
You closely miss Ijyb.
Ijyb is severely wounded.
Ijyb misses you.
You hit Ijyb but do no damage. Your kick misses Ijyb.
You peck Ijyb, but do no damage.
Ijyb is severely wounded.
You hit Ijyb. You claw Ijyb, but do no damage.
Ijyb is almost dead.
Ijyb hits you.
You die...
Your body crumbles into a pile of gold.

### ### ##... ##.####
...... ##.#...####.....
##.###........... ##.##
##.#........ #@##
##....(..). ##g##
##.#.##.....
##.###g##.##.....
##...#.###.##.g..[
##......###.##...##
#................##
#...<..............
######.#...######.#.....
#......##.## ###...


You could see Ijyb.

Vanquished Creatures
  Sigmund (D:2)
  2 adders (D:2)
  3 giant geckos
  A giant cockroach (D:2)
  7 hobgoblins
  4 jackals (D:1)
  3 kobolds (D:1)
  6 bats
  A giant newt (D:2)
  5 goblins
  6 rats
39 creatures vanquished.

Notes
Turn   | Place    | Note
--------------------------------------------------------------
     0 | D:1      | SlimeFever the Tengu Assassin began the quest for the Orb.
     0 | D:1      | Reached XP level 1. HP: 12/12 MP: 2/2
   363 | D:1      | Reached XP level 2. HP: 17/17 MP: 3/3
   778 | D:1      | Reached XP level 3. HP: 21/21 MP: 4/4
  1168 | D:2      | Found a glowing silver altar of Zin.
  1173 | D:2      | Reached skill level 5 in Stealth
  1257 | D:2      | Noticed Ijyb
  1312 | D:2      | Found a white marble altar of Elyvilon.
  1379 | D:2      | Noticed Sigmund
  1428 | D:2      | HP: 1/21 [something/wand of magic darts (3)]
  1429 | D:2      | Killed Sigmund
  1429 | D:2      | Reached skill level 1 in Armour
  1429 | D:2      | Reached XP level 4. HP: 1/27 MP: 5/5
  1429 | D:2      | Gained mutation: You can fly. [Tengu growth]
  1429 | D:2      | Reached XP level 5. HP: 1/31 MP: 6/6
  1722 | D:2      | Found an opulent altar of Gozag.
  1726 | D:2      | Found an iron altar of Okawaru.
  1754 | D:2      | Became a worshipper of Gozag Ym Sagoz the Greedy
  1859 | D:2      | HP: 1/31 [poisoned by an adder]
  1862 | D:2      | Slain by Ijyb

Vault maps used:
D:1:      mrwooster_arrival_statue_3
D:2:      lemuel_coloured_pillars_altar, nicolae_overflow_crystal_walls,
          lemuel_doored_altar, minitemple, uniq_iyjb, uniq_sigmund

Action                   |  1- 3 |  4- 6 || total
-------------------------+-------+-------++-------
Melee: Dagger            |    90 |    20 ||   110
 Fire: Blowgun           |     4 |     9 ||    13
Invok: Potion Petition   |       |     1 ||     1
  Use: Scroll            |     2 |       ||     2
       Potion            |     1 |     2 ||     3
 Stab: Sleeping          |     8 |     3 ||    11
  Eat: Bread ration      |       |     1 ||     1
